 Dungeon Crawl Stone Soup version 0.18-a0-1180-g64ccc1e (webtiles) character file.

6605 kae the Severer (level 11, -7/84 HPs)
             Began as a Hill Orc Fighter on Jan 27, 2016.
             Was a Priest of Makhleb.
             Mangled by a tentacled starspawn (19 damage)
             ... on level 2 of the Abyss.
             The game lasted 00:14:38 (12267 turns).

kae the Severer (Hill Orc Fighter)                 Turns: 12267, Time: 00:14:39

Health: -7/84      AC: 11    Str: 25    XL:     11   Next: 2%
Magic:  11/11      EV:  5    Int:  8    God:    Makhleb [***...]
Gold:   499        SH: 12    Dex:  7    Spells: 0 memorised, 10 levels left

rFire  + . .     SeeInvis +     a - +1 war axe
rCold  . . .     Gourm    .     k - +2 chain mail of Laskeri {rElec rPois MR+ Dex-3}
rNeg   . . .     Faith    .     c - +0 shield
rPois  +         Spirit   .     (no helmet)
rElec  +         Dismiss  .     (no cloak)
rCorr  .         Reflect  +     (no gloves)
SustAt .         Harm     .     (no boots)
MR     +....                    t - +3 amulet of reflection
Stlth  ..........               j - ring "Noer" {+Inv rC+ SInv}
                                d - ring of fire

@: very slightly contaminated, hasted, very quick, somewhat resistant to hostile
enchantments, extremely unstealthy
A: strong 1
a: Minor Destruction, Lesser Servant of Makhleb, Renounce Religion, Evoke
Invisibility


You were on level 2 of the Abyss.
You worshipped Makhleb.
Makhleb was most pleased with you.
You were not hungry.

You visited 2 branches of the dungeon, and saw 10 of its levels.
You visited the Abyss 1 time.

You collected 499 gold pieces.

Inventory:

Hand Weapons
 a - a +1 war axe (weapon)
 b - a +3 scimitar of flaming
Armour
 c - a +0 shield (worn)
 k - the +2 chain mail of Laskeri (worn) {rElec rPois MR+ Dex-3}
   (You found it on level 8 of the Dungeon)

   It affects your dexterity (-3).
   It insulates you from electricity.
   It protects you from poison.
   It affects your resistance to hostile enchantments.
Jewellery
 d - a ring of fire (left hand)
 j - the ring "Noer" (right hand) {+Inv rC+ SInv}
   (You found it on level 8 of the Dungeon)

   [ring of protection from cold]

   It protects you from cold.
   It lets you see invisible.
   It lets you turn invisible.
 t - a +3 amulet of reflection (around neck)
 w - the amulet of Voedduos {Gourm Dex+2}
   (You found it on level 8 of the Dungeon)

   [amulet of the gourmand]

   It allows you to eat raw meat even when not hungry.
   It affects your dexterity (+2).
 I - an uncursed amulet of rage {unknown}
Wands
 g - a wand of flame (0/48)
 r - a wand of confusion (28/48)
 v - a wand of random effects (26/48)
 D - a wand of confusion (7/48)
 E - a wand of slowing (13/48)
 F - a wand of enslavement (14/24)
 H - a wand of frost (9/48)
 J - a wand of disintegration (7/24)
Scrolls
 h - 3 scrolls of amnesia
 m - a scroll of recharging
 n - 7 scrolls of remove curse
 q - a scroll of magic mapping
 A - a scroll of fog
 B - 2 scrolls of identify
 M - a scroll of brand weapon {unknown}
Potions
 e - a potion of haste
 p - 5 potions of mutation
 s - a potion of poison {unknown}
 u - 3 potions of flight {unknown}
 x - a potion of agility {unknown}
 z - 2 potions of brilliance
 C - 2 potions of curing {unknown}
 K - a potion of magic {unknown}
 L - a potion of cure mutation {unknown}
Books
 y - a book of Debilitation

   Spells                             Type                      Level
   a - Corona                         Hexes                        1
   b - Slow                           Hexes                        2
   c - Gell's Gravitas                Hexes/Translocation          3
   d - Inner Flame                    Hexes/Fire                   3
   e - Cause Fear                     Hexes                        4
   f - Leda's Liquefaction            Hexes/Earth                  4
Comestibles
 f - 5 bread rations
 i - 2 slices of pizza
 l - 4 beef jerkies
 o - 6 meat rations
 G - 17 fruits


   Skills:
 + Level 4.1 Fighting
 - Level 19.3 Axes
 - Level 3.2 Armour
 - Level 3.2 Shields


You had 10 spell levels left.
You didn't know any spells.

Dungeon Overview and Level Annotations

Branches:
Dungeon (9/15)             Temple (1/1) D:6            Lair (0/8) D:9
    Orc: D:9-12

Altars:
Ashenzari
Cheibriados
Dithmenos
Elyvilon
Fedhas
Gozag
Kikubaaqudgha
Makhleb
Nemelex Xobeh
Okawaru
Pakellas
Qazlal
Ru
Sif Muna
Trog
Vehumet
Xom
Yredelemnul
Zin
The Shining One

Shops:
D:7 [   D:8 [

Annotations:
D:6 kae's ghost, novice HOFi
D:8 2 runed doors
D:9 Gastronok; Psyche


Innate Abilities, Weirdness & Mutations

Your muscles are strong. (Str +2)


Message History

Zapping:
J - a wand of disintegration {zapped: 3} (will waste charges)
Press: ? - help, Shift-Dir - straight line The rock wall explodes into countless fragments.
Evoking this partially-identified wand wasted a few charges.
You hear a bark!
You block the raiju's attack.
The raiju bursts into living lightning!
The living lightning hits you! You resist.
* * * LOW HITPOINT WARNING * * *
The living lightning hits you! You resist.
* * * LOW HITPOINT WARNING * * *
The raiju blinks!
A raiju comes into view.
The raiju barks!
Drink which item? (? for menu, Esc to quit)
Okay, then.
A tentacled starspawn comes into view.
You block the tentacled starspawn's attack.
The tentacled starspawn engulfs you!!
You die...

## .. ..#
#.## #.# ...#
# #..## ... #
..##..#.
..#.#
.....#..
..#.#
#....#X#.#.##
#...#@..#.#
#h.#.#.# ## h
#.##....# ..
.. #
#.####.#..
##ยง.##..#
##X#..# #
###h. # #.#
#..#


You could see a tentacled starspawn and a raiju.

Vanquished Creatures
  An unseen horror (D:8)
  Pikel (D:8)
  A hill giant (D:8)
  Joseph (D:8)
  An efreet (D:8)
  The ghost of namelastname112 the Chopper, an amateur DrCK of Xom (D:5)
  A troll (D:9)
  A two-headed ogre (D:8)
  Prince Ribbit (D:8)
  Sigmund (D:2)
  A chaos spawn (Abyss:2)
  3 hippogriffs
  2 wargs (D:8)
  3 orc warriors
  3 sky beasts
  4 slaves (D:8)
  2 ice beasts
  5 ogres
  2 centaurs
  5 giant frogs
  A small abomination (Abyss:2)
  4 scorpions
  A wight (D:8)
  2 electric eels (D:6)
  3 crimson imps
  7 hounds
  A giant frog skeleton (D:5)
  3 centaur skeletons
  A giant frog zombie (D:8)
  5 orc priests
  2 jellies
  7 orc wizards
  An iguana (D:8)
  5 worker ants
  A hound skeleton (D:8)
  A worker ant zombie (D:8)
  7 gnolls
  9 adders
  2 shadow imps
  2 oozes
  2 adder skeletons
  An adder zombie (D:7)
  3 worms
  17 orcs
  2 ball pythons (D:3)
  6 bats
  4 giant cockroaches
  9 goblins
  9 hobgoblins
  7 jackals
  7 kobolds
  8 quokkas
  A giant gecko skeleton (D:6)
  A giant gecko zombie (D:3)
  4 giant newts
  A quokka skeleton (D:4)
  9 rats
196 creatures vanquished.

Vanquished Creatures (others)
  A necrophage (D:8)
1 creature vanquished.

Grand Total: 197 creatures vanquished

Notes
Turn   | Place    | Note
--------------------------------------------------------------
     0 | D:1      | kae the Hill Orc Fighter began the quest for the Orb.
     0 | D:1      | Reached XP level 1. HP: 19/19 MP: 1/1
   227 | D:1      | Reached XP level 2. HP: 24/26 MP: 2/2
   248 | D:1      | Reached skill level 4 in Axes
   595 | D:2      | Reached XP level 3. HP: 31/31 MP: 3/3
   643 | D:2      | Reached skill level 5 in Axes
   903 | D:2      | Reached XP level 4. HP: 25/39 MP: 4/4
  1076 | D:2      | Reached skill level 6 in Axes
  1157 | D:2      | Found an opulent altar of Gozag.
  1166 | D:2      | Found an iron altar of Okawaru.
  1238 | D:2      | Noticed Sigmund
  1245 | D:2      | Killed Sigmund
  1245 | D:2      | Reached skill level 8 in Axes
  1245 | D:2      | Reached XP level 5. HP: 36/45 MP: 5/5
  1245 | D:2      | Reached XP level 6. HP: 40/51 MP: 6/6
  2422 | D:4      | Reached skill level 9 in Axes
  2562 | D:4      | Reached XP level 7. HP: 24/57 MP: 7/7
  2879 | D:5      | Entered Level 5 of the Dungeon
  2962 | D:5      | Reached skill level 10 in Axes
  3322 | D:5      | Noticed namelastname112's ghost (amateur DrCK)
  3355 | D:5      | Killed namelastname112's ghost
  3355 | D:5      | Reached skill level 11 in Axes
  3355 | D:5      | Reached XP level 8. HP: 17/64 MP: 8/8
  4098 | D:5      | Reached skill level 12 in Axes
  4307 | D:5      | Gained mutation: Your muscles are strong. (Str +2) [potion of beneficial mutation]
  4419 | D:6      | Noticed kae's ghost (novice HOFi)
  5226 | D:6      | Reached skill level 13 in Axes
  5595 | D:6      | Found a staircase to the Ecumenical Temple.
  5615 | Temple   | Entered the Ecumenical Temple
  5721 | Temple   | Became a worshipper of Makhleb the Destroyer
  6611 | D:7      | Found a snail-covered altar of Cheibriados.
  6926 | D:7      | Reached XP level 9. HP: 12/70 MP: 9/9
  6930 | D:7      | Reached skill level 14 in Axes
  7271 | D:7      | Found Monuiwn's Antique Armour Shoppe.
  8203 | D:7      | Reached * piety under Makhleb
  8414 | D:8      | Reached skill level 15 in Axes
  8417 | D:8      | Found a large runed door.
  8417 | D:8      | Found a large runed door.
  8428 | D:8      | Found a large runed door.
  8428 | D:8      | Found a large runed door.
  8587 | D:8      | Noticed Prince Ribbit
  8788 | D:8      | Killed Prince Ribbit
  9154 | D:8      | Reached skill level 16 in Axes
  9304 | D:8      | Reached ** piety under Makhleb
  9505 | D:8      | Found Woletuamo's Armour Boutique.
  9554 | D:8      | Noticed Joseph
  9575 | D:8      | Killed Joseph
  9575 | D:8      | Reached XP level 10. HP: 42/77 MP: 10/10
  9588 | D:8      | Reached skill level 17 in Axes
  9861 | D:8      | Noticed Pikel
  9902 | D:8      | Killed Pikel
 10058 | D:8      | Found a blossoming altar of Fedhas.
 10229 | D:8      | Noticed a hill giant
 10299 | D:8      | Killed a hill giant
 10299 | D:8      | Reached skill level 18 in Axes
 10309 | D:8      | Got a slimy golden amulet
 10311 | D:8      | Identified the amulet of Voedduos {Gourm Dex+2} (You found it on level 8 of the Dungeon)
 10345 | D:8      | Killed an unseen horror
 10364 | D:8      | Got a smoking granite ring
 10370 | D:8      | Got a bronze chain mail
 10562 | D:8      | Identified the ring "Noer" {+Inv rC+ SInv} (You found it on level 8 of the Dungeon)
 10577 | D:8      | Identified the +2 chain mail of Laskeri {rElec rPois MR+ Dex-3} (You found it on level 8 of the Dungeon)
 10639 | D:9      | Found a staircase to the Lair.
 10642 | D:9      | Noticed Gastronok
 11786 | D:9      | Reached *** piety under Makhleb
 11786 | D:9      | Reached skill level 19 in Axes
 11993 | D:9      | Noticed Psyche
 12000 | D:9      | Cast into level 2 of the Abyss (Psyche)
 12054 | Abyss:2  | Reached XP level 11. HP: 44/82 MP: 11/11
 12252 | Abyss:2  | Noticed a large abomination
 12267 | Abyss:2  | Noticed a tentacled starspawn
 12267 | Abyss:2  | Mangled by a tentacled starspawn

Vault maps used:
D:1:      moated_graveyard_arrival
D:2:      amethyst_overflow_temple_binary, uniq_sigmund
D:4:      dk_noncrumbling_4
D:5:      first_bread, fountainhead
D:6:      minmay_temple_entry_hall, kennysheep_generic_room_16
D:7:      serial_shops, kennysheep_little_box, basic_altar
D:8:      serial_shops, nicolae_shop_stone, hangedman_tree_tricks,
          minmay_hollow_rounded_squares, uniq_joseph, uniq_prince_ribbit1,
          uniq_pikel
D:9:      erik_lair_orcish_takeover, orc_0_dummy, kennysheep_another_room,
          minivault_16, minmay_misc_feat_five, minmay_misc_feat_alley,
          nemelex_diamond_rough_becter, uniq_psyche, uniq_gastronok
Temple:   kilobyte_greek_temple_18

Action                   |  1- 3 |  4- 6 |  7- 9 | 10-12 || total
-------------------------+-------+-------+-------+-------++-------
Melee: War axe           |   114 |    99 |   436 |   208 ||   857
Evoke: Wand              |       |       |    17 |     9 ||    26
  Use: Scroll            |       |     6 |    10 |     1 ||    17
       Potion            |       |     1 |     7 |     4 ||    12
 Stab: Confused          |       |       |     1 |     2 ||     3
       Distracted        |       |       |       |     1 ||     1
  Eat: Chunk             |       |     3 |    19 |     8 ||    30
       Bread ration      |       |     1 |       |       ||     1
       Fruit             |       |       |     2 |       ||     2
